Map: [ESL] Data-C

Players

MaNa

  • Race: Protoss Protoss
  • Spawn Location: 9:00

BattleB - Winner!

  • Race: Terran Terran
  • Spawn Location: 3:00

Event: DreamHack SC2 Masters 2022 Atlanta (Online)

VOD

Have the link to the VOD?

Description

Time

  • Played on: Oct. 9, 2022, 10:35 a.m.
  • Length: 14:21

All games in this series

Show
View Real Time Build Order
Export as new Build Order

MaNa Protoss 

Build Orders: 1 Gate Expand, Oracle Opening, Phoenix Opening, Colossus Rush 

Get SALT Encoding   

  12  0:00  Probe  
  13  0:12  Probe  
  14  0:17  Pylon  
  14  0:24  Probe (Chrono Boost)  
  16  0:36  Gateway, Probe (Chrono Boost)  
  16  0:43  Probe (Chrono Boost)  
  16  0:45  Assimilator  
  17  0:51  Probe  
  18  1:03  Probe  
  19  1:22  Nexus  
  19  1:32  Cybernetics Core  
  19  1:36  Probe (Chrono Boost)  
  21  1:48  Probe (Chrono Boost), Pylon  
  21  1:53  Probe (Chrono Boost)  
  22  1:59  Assimilator  
  22  2:02  Probe (Chrono Boost)  
  23  2:08  Adept  
  23  2:15  Probe (Chrono Boost)  
  26  2:20  Stargate  
  26  2:22  Probe (Chrono Boost)  
  26  2:32  Probe (Chrono Boost)  
  26  2:34  Probe (Chrono Boost)  
  26  2:35  Warp Gate  
  28  2:42  Adept  
  31  2:47  Probe x2 (Chrono Boost)  
  32  2:51  Probe (Chrono Boost)  
  32  2:55  Probe  
  34  3:02  Probe  
  34  3:03  Oracle (Chrono Boost)  
  35  3:07  Probe  
  35  3:12  Adept  
  41  3:15  Probe  
  41  3:19  Probe  
  43  3:20  Pylon  
  44  3:27  Probe  
  44  3:31  Probe  
  45  3:36  Assimilator  
  45  3:38  Phoenix  
  45  3:39  Probe (Chrono Boost)  
  45  3:40  Assimilator  
  48  3:46  Probe (Chrono Boost)  
  48  3:47  Robotics Facility  
  49  3:51  Probe (Chrono Boost)  
  49  3:54  Pylon  
  51  3:59  Probe x2 (Chrono Boost)  
  52  4:05  Probe  
  52  4:07  Probe  
  54  4:17  Probe  
  54  4:19  Probe, Pylon  
  56  4:24  Sentry  
  56  4:26  Gateway  
  56  4:28  Phoenix (Chrono Boost)  
  56  4:29  Probe  
  61  4:31  Probe  
  61  4:34  Robotics Bay  
  61  4:38  Immortal (Chrono Boost)  
  62  4:41  Probe  
  62  4:43  Probe  
  68  4:54  Probe, Pylon  
  68  4:56  Gateway x2, Probe  
  70  5:12  Phoenix, Probe  
  73  5:20  Nexus  
  73  5:24  Colossus (Chrono Boost)  
  78  5:29  Shield Battery  
  78  5:36  Shield Battery x2  
  78  5:46  Twilight Council, Probe  
  78  5:53  Pylon  
  78  6:01  Probe  
  77  6:04  Colossus (Chrono Boost)  
  77  6:09  Zealot  
  76  6:16  Zealot  
  76  6:17  Zealot x2, Probe x2  
  84  6:23  Charge  
  83  6:30  Pylon  
  83  6:34  Pylon  
  83  6:40  Pylon  
  83  6:44  Nexus  
  83  6:48  Phoenix, Pylon  
  83  6:53  Sentry  
  83  6:54  Zealot x2, Sentry  
  89  6:57  Colossus  
  99  7:02  Probe x2, Pylon  
  101  7:13  Shield Battery  
  94  7:24  Zealot x3  
  94  7:27  Probe  
  99  7:39  Probe x2  
  99  7:41  Robotics Bay  
  101  7:47  Zealot x2  
  101  7:48  Zealot  
  101  7:51  Probe  
  106  7:52  Probe  
  105  7:59  Probe  
  105  8:03  Probe  
  105  8:04  Probe  
  105  8:07  Pylon  
  105  8:11  Probe  
  106  8:14  Immortal  
  106  8:15  Probe  
  106  8:16  Probe  
  109  8:21  Zealot x3  
  109  8:23  Probe  
  115  8:27  Probe (Chrono Boost)  
  115  8:28  Phoenix, Probe (Chrono Boost)  
  115  8:31  Robotics Facility  
  119  8:37  Probe (Chrono Boost)  
  119  8:39  Probe (Chrono Boost)  
  119  8:40  Probe (Chrono Boost)  
  122  8:41  Forge  
  122  8:47  Stalker x4  
  129  8:49  Probe (Chrono Boost)  
  133  8:56  Disruptor (Chrono Boost)  
  133  9:03  Extended Thermal Lance (Chrono Boost)  
  133  9:05  Pylon  
  133  9:07  Pylon  
  133  9:13  Nexus  
  132  9:22  Probe x2  
  128  9:25  Disruptor (Chrono Boost)  
  128  9:28  Probe  
  126  9:32  Protoss Ground Weapons Level 1 (Chrono Boost), Zealot  
  126  9:33  Pylon  
  126  9:34  Probe x2  
  130  9:38  Disruptor (Chrono Boost)  
  130  9:40  Probe  
  134  9:46  Probe, Pylon  
  134  9:47  Forge  
  134  9:51  Disruptor (Chrono Boost)  
  138  9:57  Photon Cannon  
  138  9:58  Shield Battery  
  138  9:59  Shield Battery  
  138  10:01  Probe x3  
  141  10:08  Disruptor  
  144  10:15  Gateway x2  
  144  10:17  Gateway  
  144  10:20  Gateway, Protoss Ground Armor Level 1 (Chrono Boost)  
  144  10:30  Disruptor  
  144  10:31  Probe x2  
  149  10:37  Assimilator  
  149  10:38  Assimilator  
  149  10:42  Assimilator  
  149  10:49  Photon Cannon  
  147  10:51  Photon Cannon  
  147  10:52  Disruptor  
  147  10:54  Stalker  
  150  10:57  Stalker  
  150  10:58  Zealot x2  
  145  11:20  Zealot x3, Stalker x2  
  145  11:21  Disruptor, Zealot x2  
  145  11:22  Probe  
  99  11:41  Zealot x6  
  107  11:48  Stalker x2  
  100  12:03  Zealot x6  
  107  12:17  Nexus  
  103  12:23  Stalker x3  
  103  12:24  Stalker x5  
  103  12:28  Probe  
  103  12:29  Assimilator  
  120  12:32  Observer (Chrono Boost)  
  120  12:33  Blink (Chrono Boost)  
  120  12:36  Robotics Facility  
  121  12:46  Phoenix  
  121  12:48  Pylon  
  123  12:57  Sentry  
  125  13:04  Nexus  
  125  13:07  Stalker  
  125  13:25  Disruptor  
  128  13:31  Zealot x8  
  129  13:52  Stalker x5  
  129  13:53  Zealot  
  101  14:12  Stalker x2  
  101  14:16  Stalker x2  
Show
View Real Time Build Order
Export as new Build Order

BattleB Terran - Winner!

Build Orders:  

Get SALT Encoding   

  12  0:00  SCV  
  13  0:12  SCV  
  14  0:17  Supply Depot  
  14  0:24  SCV  
  15  0:39  SCV  
  15  0:40  Barracks  
  16  0:43  Refinery  
  16  0:51  SCV  
  17  1:03  SCV  
  18  1:15  SCV  
  19  1:27  Marine  
  19  1:28  Orbital Command  
  20  1:41  Command Center  
  20  1:45  Barracks Reactor  
  20  1:54  SCV  
  21  2:05  Factory  
  21  2:06  SCV  
  22  2:14  Supply Depot  
  22  2:17  Refinery  
  22  2:18  SCV  
  23  2:35  SCV, Marine x2  
  26  2:43  Barracks  
  26  2:48  SCV  
  27  2:53  Factory Tech Lab, Marine x2  
  27  2:56  Orbital Command  
  29  3:00  SCV  
  30  3:11  Marine x2  
  30  3:12  SCV  
  33  3:16  Cyclone  
  36  3:23  SCV  
  36  3:24  SCV  
  36  3:26  Supply Depot  
  38  3:30  Barracks Tech Lab  
  38  3:35  Engineering Bay  
  38  3:36  SCV  
  38  3:37  SCV  
  40  3:41  Marine  
  40  3:42  Marine  
  40  3:47  Supply Depot  
  40  3:48  SCV  
  43  3:50  SCV  
  43  3:53  Stimpack  
  44  4:00  SCV  
  45  4:02  Barracks  
  45  4:03  SCV  
  45  4:08  Terran Infantry Weapons Level 1  
  46  4:12  SCV  
  46  4:15  SCV  
  48  4:18  Factory Reactor, Starport  
  48  4:22  Marine x2  
  50  4:24  SCV  
  50  4:26  Marauder  
  50  4:27  SCV  
  54  4:32  Supply Depot  
  54  4:37  SCV  
  54  4:39  SCV  
  54  4:40  Marine  
  54  4:41  Marine  
  54  4:45  Supply Depot  
  57  4:47  Marauder  
  57  4:50  SCV, Combat Shield  
  57  4:52  SCV  
  61  4:54  Marauder  
  61  4:55  Refinery  
  61  4:59  Marine x2  
  65  5:01  Factory Tech Lab  
  65  5:03  Medivac  
  65  5:06  SCV x2  
  69  5:08  Medivac  
  71  5:16  Supply Depot  
  71  5:17  Refinery  
  71  5:18  SCV x2  
  71  5:20  Marine x3  
  71  5:21  Marine  
  77  5:30  Supply Depot  
  77  5:33  SCV  
  77  5:35  Supply Depot  
  78  5:38  Siege Tank  
  78  5:42  Medivac, Marine x2  
  83  5:45  Marine  
  86  5:51  Supply Depot, Medivac, Marine  
  85  6:06  Marauder, Marine x2  
  85  6:10  Marauder  
  89  6:17  Siege Tank  
  92  6:24  Terran Infantry Armor Level 1  
  92  6:25  SCV x2  
  93  6:26  Supply Depot, Marine  
  93  6:27  Command Center  
  95  6:35  Marauder x2, Marine  
  99  6:44  Medivac x2  
  99  6:45  Marine  
  104  6:47  SCV x2  
  104  6:51  Supply Depot  
  104  6:53  Marine  
  107  6:54  Siege Tank  
  107  6:58  Marine x2  
  112  7:03  SCV x2  
  112  7:06  Marine  
  115  7:11  Marine  
  115  7:14  Barracks  
  115  7:15  Barracks, Marine  
  115  7:16  SCV x2  
  115  7:22  Marauder  
  111  7:24  Marine  
  111  7:28  SCV  
  109  7:30  Siege Tank, Marine  
  109  7:34  Marauder  
  109  7:36  SCV  
  113  7:41  Viking x2  
  114  7:44  SCV  
  114  7:45  Marine  
  114  7:46  Marauder  
  114  7:48  SCV  
  117  7:56  SCV  
  115  7:59  Marine  
  115  8:00  Marauder  
  115  8:04  Orbital Command  
  109  8:06  Barracks Reactor  
  109  8:07  Barracks Tech Lab  
  109  8:08  Siege Tank  
  109  8:09  Marine  
  109  8:12  Viking x2  
  116  8:17  SCV  
  116  8:18  SCV  
  116  8:22  Marine  
  116  8:23  Refinery x2  
  117  8:30  SCV x2  
  117  8:32  SCV, Marine x2  
  117  8:33  Marauder, Starport  
  124  8:37  Ghost Academy  
  124  8:39  Marauder  
  126  8:43  SCV  
  126  8:44  SCV  
  126  8:45  Supply Depot, SCV  
  126  8:47  Supply Depot  
  129  8:52  Viking x2  
  129  8:55  SCV  
  134  8:56  SCV  
  134  8:59  Supply Depot  
  134  9:00  Supply Depot  
  134  9:07  SCV  
  134  9:08  Ghost x3  
  134  9:09  Marine  
  142  9:20  Marine x2  
  142  9:21  Marine  
  131  9:26  Marine, Starport Reactor  
  131  9:29  Viking x2  
  135  9:33  Enhanced Shockwaves  
  135  9:34  Bunker  
  135  9:36  Ghost  
  135  9:37  Marine x2  
  139  9:42  Marine x3  
  142  9:47  Marine  
  142  9:50  Sensor Tower  
  142  9:53  Missile Turret  
  142  9:54  Ghost  
  142  9:58  Ghost  
  142  9:59  Marine  
  146  10:00  Marine x2  
  146  10:04  Marine  
  146  10:05  Ghost  
  146  10:06  Supply Depot, Concussive Shells  
  152  10:09  Viking  
  154  10:17  Marine  
  154  10:19  Marine x2  
  157  10:23  Marauder  
  157  10:24  Viking  
  157  10:26  Marine  
  157  10:28  Marauder  
  164  10:32  Siege Tank  
  164  10:34  Marauder  
  164  10:35  Marine  
  169  10:41  Armory  
  169  10:42  Marine x2  
  172  10:43  Engineering Bay  
  172  10:44  Marine  
  172  10:45  Marauder  
  172  10:49  Marauder  
  177  10:55  Command Center  
  180  11:04  Cyclone  
  180  11:11  Marine  
  181  11:13  Marine  
  181  11:14  Marauder x2, Marine  
  181  11:17  Marine  
  178  11:18  Marauder  
  171  11:28  Marine  
  171  11:31  Marine  
  166  11:32  Marine  
  166  11:35  Marauder  
  166  11:36  Cyclone, Marine  
  167  11:42  Liberator x2  
  167  11:46  Marauder x2, Marine  
  178  11:47  Supply Depot, Terran Infantry Armor Level 2, Terran Infantry Weapons Level 2  
  178  11:48  Supply Depot  
  178  11:52  Supply Depot  
  174  11:58  Marauder, Marine x2  
  171  12:05  Marine  
  171  12:06  Marine  
  171  12:08  Marauder  
  170  12:09  Marine  
  171  12:16  Marine  
  171  12:20  Liberator x2  
  176  12:23  Marine  
  176  12:25  Marine x2  
  179  12:32  Siege Tank, Ghost x3  
  184  12:53  Fusion Core  
  184  12:54  SCV x3, Missile Turret  
  184  12:56  Refinery  
  184  12:57  Refinery  
  187  13:03  Medivac x2  
  191  13:06  SCV, Medivac  
  191  13:12  Planetary Fortress  
  194  13:18  Marauder  
  194  13:19  Marauder x2  
  200  13:32  Marine  
  190  13:50  Ghost  
  190  13:51  Marauder, Marine  
  190  13:52  Marine  
  190  13:55  Marine  
  191  13:56  Marauder  
  200  14:19  Barracks  
  200  14:20  Barracks  
Tags
 
Add a new tag
Caveats
  • Supply blocks, unpowered buildings, or Contaminate may cause inaccurate times.
  • Supply counts are checked every 10 seconds.